 Dungeon Crawl Stone Soup version 0.29-a0-330-g52719c12eb (webtiles) character file.

Game seed: 7061978592158553362

152 HoaS the Quickloader (level 5, -6/30 HPs)
             Began as a Kobold Hunter on May 29, 2022.
             Mangled by Grinder (9 damage)
             ... while paralysed by Grinder
             ... on level 3 of the Dungeon.
             The game lasted 00:03:30 (2506 turns).

HoaS the Quickloader (Kobold Hunter)                Turns: 2506, Time: 00:03:30

Health: -6/30      AC:  4    Str:  9    XL:     5   Next: 60%
Magic:  5/5        EV:  3    Int: 10    God:
Gold:   87         SH:  0    Dex: 20    Spells: 4/4 levels left

rFire   . . .      SeeInvis .   a - +1 hand crossbow
rCold   . . .      Faith    .   (no shield)
rNeg    . . .      Spirit   .   b - +0 leather armour
rPois   .          Reflect  .   (no helmet)
rElec   .          Harm     .   (no cloak)
rCorr   .          Rampage  .   e - +0 pair of gloves
Will    .....                   (no boots)
Stlth   +++.......              (no amulet)
HPRegen 0.10/turn               l - ring of flight
MPRegen 0.09/turn               (no ring)

@: paralysed, flying
A: small, no large weapons, nightstalker 3
a: no special abilities


You were on level 3 of the Dungeon.
You visited 1 branch of the dungeon, and saw 3 of its levels.

You collected 87 gold pieces.

Inventory:

Hand Weapons
 a - a +1 hand crossbow (weapon)
Armour
 b - a +0 leather armour (worn)
 e - a +0 pair of gloves (worn)
Jewellery
 l - a ring of flight (left hand)
Scrolls
 c - a scroll of immolation
 d - 2 scrolls of teleportation
Potions
 f - 2 potions of curing
 g - a potion of might {unknown}
 h - a potion of invisibility {unknown}
 i - a potion of cancellation {unknown}
 k - a potion of attraction {unknown}


   Skills:
 - Level 2.1 Fighting
 + Level 8.5 Crossbows
 - Level 2.4 Dodging
 - Level 1.3 Stealth


You had 4 spell levels left.
You didn't know any spells.
Your spell library contained the following spells:

 Spells                   Type           Power      Damage    Failure   Level
 Animate Skeleton         Necr           0%         N/A       47%         1
 Pain                     Necr           0%         1d4       47%         1
 Vampiric Draining        Necr           0%         2d6       85%         3


Dungeon Overview and Level Annotations

Branches:
Dungeon (3/15)

Altars:
Ru
Sif Muna
Wu Jian

Annotations:
D:3 Grinder


Innate Abilities, Weirdness & Mutations

You are small and have problems with some larger weapons.
You are completely attuned to the shadows.


Message History

No target in view!
Found an escape hatch in the ceiling.
Found 18 stones.
d - 2 scrolls of teleportation (gained 1)
A ball python comes into view.
You shoot a bolt. The bolt hits the ball python!
You kill the ball python!
No target in view!
No target in view!
No target in view!
You now have 87 gold pieces (gained 11).
Grinder comes into view.
You shoot a bolt. The bolt hits Grinder!
Grinder is moderately wounded.
You shoot a bolt. The bolt barely misses Grinder.
You shoot a bolt. The bolt hits Grinder.
Grinder is moderately wounded.
You shoot a bolt. The bolt hits Grinder!
Grinder is heavily wounded.
Grinder hits you.
You writhe in agony.
You shoot a bolt. The bolt hits Grinder.
Grinder is heavily wounded.
Grinder hits you!
You writhe in agony.
You are too injured to fight recklessly!
You are too injured to fight recklessly!
Shoot: a) +1 hand crossbow
Press: ? - help, Q - select action Shift-Dir - straight line, f/p - Grinder
Aim: Grinder (heavily wounded, 66% to hit)
You shoot a bolt. The bolt hits Grinder.
Grinder is heavily wounded.
Grinder hits you.
* * * LOW HITPOINT WARNING * * *
Grinder gestures at you.
You suddenly lose the ability to move!
Grinder hits you.
* * * LOW HITPOINT WARNING * * *
You writhe in agony.
* * * LOW HITPOINT WARNING * * *
Grinder hits you!
You die...

####### ***#####.....#
*,,......†...# *,,..........#
*,,..........# *,,......###.#
########
*,,......###@#*******#.......
*,,..........5...,,,,+.......
*,,.....####.#########.......
*,>.....+,,...............)..
*,,.....#**###**#...#####.#.#
*,,.....# ###.#...<...#.#
*,,.....# ##...#..##...#.#
*,,...(.######...............
***#.........................


You could see Grinder.

Vanquished Creatures
  2 orc priests (D:3)
  Jessica (D:3)
  2 adders (D:2)
  2 worms (D:2)
  A dart slug (D:3)
  4 orcs (D:3)
  4 endoplasms
  A giant cockroach (D:3)
  3 goblins
  3 hobgoblins
  2 quokkas (D:1)
  5 ball pythons
  A bat (D:1)
  A frilled lizard (D:2)
  4 kobolds
  5 rats
41 creatures vanquished.

Notes
Turn   | Place    | Note
-------+----------+-------------------------------------------
     0 | D:1      | HoaS the Kobold Hunter began the quest for the Orb.
     0 | D:1      | Reached XP level 1. HP: 12/12 MP: 1/1
   386 | D:1      | Reached XP level 2. HP: 17/17 MP: 2/2
   481 | D:1      | Reached skill level 6 in Crossbows
   816 | D:2      | Reached XP level 3. HP: 11/21 MP: 3/3
  1709 | D:2      | Reached skill level 7 in Crossbows
  1712 | D:2      | You are sucked into a shaft and drop 1 floor!
  1740 | D:3      | Reached XP level 4. HP: 11/26 MP: 4/4
  1754 | D:3      | Reached skill level 8 in Crossbows
  1754 | D:3      | Reached XP level 5. HP: 14/30 MP: 5/5
  1805 | D:3      | Noticed Jessica
  1807 | D:3      | Killed Jessica
  2030 | D:3      | Found a sacrificial altar of Ru.
  2334 | D:3      | Found a shimmering blue altar of Sif Muna.
  2334 | D:3      | Found an ornate altar of the Wu Jian Council.
  2498 | D:3      | Noticed Grinder
  2504 | D:3      | Paralysed by Grinder for 6 turns
  2506 | D:3      | Mangled by Grinder

Illustrated notes

Levels and vault maps discovered:
D:1:      tarquinn_simple_flora_water_f, layout_basic, serial_curves,
          eino_curves_03, eino_curves_02
D:2:      layout_basic, serial_curves, eino_curves_04, eino_curves_02,
          eino_curves_02, eino_curves_01
D:3:      layout_basic, gammafunk_temple_overflow_pools,
          nicolae_ru_sacrificial_ziggurat, uniq_grinder, uniq_jessica

Skill      XL: |  1  2  3  4 |
---------------+-------------+-----
Crossbows      | 6 7 8 |  8.5
Fighting       | |  2.1
Dodging        | |  2.4
Stealth        | |  1.3

Action                   |  1- 3 |  4- 6 || total
-------------------------+-------+-------++-------
 Fire: Hand crossbow     |    61 |    39 ||   100
  Use: Scroll            |     3 |     3 ||     6
Armor: Leather armour    |     3 |       ||     3
Dodge: Dodged            |     8 |     3 ||    11

Table legend: (Time is in decaauts)
 A = Elapsed time spent in this place.
 B = Non-inter-level travel time spent in this place.
 C = Inter-level travel time spent in this place.
 D = Time resting spent in this place.
 E = Time spent auto-exploring this place.
 F = Levels seen in this place.
 G = Mean time per level.
                   A        B        C        D        E       F      G
               +--------+--------+--------+--------+--------+-----+--------+
         Total |   2528 |   2471 |     57 |    604 |   1630 |   3 |  842.7 |
       Dungeon |   2528 |   2471 |     57 |    604 |   1630 |   3 |  842.7 |
               +--------+--------+--------+--------+--------+-----+--------+

Top non-repeatable levels by time:
     D:2: 1186 daAuts
     D:3: 701 daAuts
     D:1: 640 daAuts
